NYP
HILLSBORO HOPS @ BROOKLYN CYCLONES
06/19/2047
 
TOP OF THE 1ST
Hillsboro Hops batting - Pitching for Brooklyn Cyclones : RHP Shan-tang Chi
Pitching: RHP Shan-tang Chi
Batting: RHB Nelson Ozuna 0-0: Swinging Strike
0-1: Called Strike
0-2: Ball
1-2: Foul Ball, location: 2F
1-2: Foul Ball, location: 2F
1-2: SINGLE (Line Drive, 9LS, EV 101.9 MPH)
Batting: RHB Longfellow Wetzler 0-0: Ball
1-0: Called Strike
Nelson Ozuna steals 2nd base
1-1: Ball
2-1: Swinging Strike
2-2: Foul Ball, location: 2F
2-2: Ball
3-2: Fly out, F7 (Line Drive, 78M, EV 96.2 MPH)
Batting: RHB Danny Loyola 0-0: Fly out, F7 (Flyball, 78D, EV 101.9 MPH)
Batting: RHB Terry Jarrells 0-0: Called Strike
0-1: Called Strike
0-2: Strikes out swinging
Top of the 1st over - 0 runs, 1 hit, 0 errors, 1 left on base; Hillsboro 0 - Brooklyn 0
BOTTOM OF THE 1ST
Brooklyn Cyclones batting - Pitching for Hillsboro Hops : RHP Eric Teixeira
Pitching: RHP Eric Teixeira
Batting: LHB Elmo Dreier 0-0: Ball
1-0: Ball
2-0: Ball
3-0: Base on Balls
Batting: RHB Pete Orban 0-0: Called Strike
0-1: Swinging Strike
0-2: Strikes out swinging
Batting: RHB Andy Carrell 0-0: Ball
Elmo Dreier steals 2nd, throwing error, E2
Elmo Dreier to third
1-0: Called Strike
1-1: Called Strike
1-2: Foul Ball, location: 2F
1-2: Fly out, F9 (Flyball, 9D, EV 87.5 MPH)
Batting: LHB Miguel Ramos 0-0: Ball
1-0: Ball
2-0: Ball
3-0: Base on Balls
Batting: RHB Ryan Marler 0-0: Ball
1-0: Ball
2-0: Ball
3-0: Base on Balls
Miguel Ramos to second
Batting: RHB Matt Tittle 0-0: Called Strike
0-1: Ball
1-1: Swinging Strike
1-2: Ball
2-2: Strikes out looking
Bottom of the 1st over - 0 runs, 0 hits, 1 error, 3 left on base; Hillsboro 0 - Brooklyn 0
TOP OF THE 2ND
Hillsboro Hops batting - Pitching for Brooklyn Cyclones : RHP Shan-tang Chi
Batting: RHB Daniel Rivera 0-0: Ball
1-0: Foul Ball, location: 2F
1-1: Called Strike
1-2: Fly out, F8 (Flyball, 8RS, EV 90.6 MPH)
Batting: RHB Sean Tanner 0-0: Ball
1-0: Called Strike
1-1: Ball
2-1: Called Strike
2-2: Foul Ball, location: 2F
2-2: Strikes out looking
Batting: RHB Roberto Monzon 0-0: Foul Ball, location: 2F
0-1: Ball
1-1: Fly out, F2 (Popup, 13S, EV 83.1 MPH)
Top of the 2nd over - 0 runs, 0 hits, 0 errors, 0 left on base; Hillsboro 0 - Brooklyn 0
BOTTOM OF THE 2ND
Brooklyn Cyclones batting - Pitching for Hillsboro Hops : RHP Eric Teixeira
Batting: SHB Callum Lynch 0-0: Ball
1-0: Ball
2-0: Ball
3-0: Called Strike
3-1: Ground out 6-3 (Groundball, 6, EV 87.5 MPH)
Batting: SHB Duri Chilemba 0-0: Ball
1-0: Ball
2-0: Called Strike
2-1: Foul Ball, location: 2F
2-2: Foul Ball, location: 2F
2-2: Ball
3-2: Base on Balls
Batting: RHB Roberto Delgado 0-0: SINGLE (Groundball, 6MD, EV 100.6 MPH)
Duri Chilemba to second
Runner from 2nd tries for 3rd, SAFE, throw by CF made to third
Batting: LHB Elmo Dreier 0-0: Ball
1-0: Foul Ball, location: 2F
1-1: Fielders Choice at 2nd, 3-6 (Groundball, 34S, EV 80.0 MPH)
Duri Chilemba scores
Batting: RHB Pete Orban 0-0: Ball
1-0: Called Strike
1-1: Ground out 5-3 (Groundball, 5L, EV 106.9 MPH)
Bottom of the 2nd over - 1 run, 1 hit, 0 errors, 1 left on base; Hillsboro 0 - Brooklyn 1
TOP OF THE 3RD
Hillsboro Hops batting - Pitching for Brooklyn Cyclones : RHP Shan-tang Chi
Batting: RHB Chris McGrath 0-0: Ball
1-0: Hit by Pitch
Batting: RHB Ryuki Ogasawara 0-0: Called Strike
Chris McGrath steals 2nd base
0-1: Ball
1-1: Ball
2-1: Ground out 5-3 (Groundball, 56S, EV 88.1 MPH)
Batting: RHB Nelson Ozuna 0-0: Ball
1-0: Called Strike
1-1: Ball
2-1: Foul Ball, location: 2F
2-2: Strikes out swinging
Batting: RHB Longfellow Wetzler 0-0: Ball
1-0: Called Strike
1-1: Foul Ball, location: 2F
1-2: Strikes out looking
Top of the 3rd over - 0 runs, 0 hits, 0 errors, 1 left on base; Hillsboro 0 - Brooklyn 1
BOTTOM OF THE 3RD
Brooklyn Cyclones batting - Pitching for Hillsboro Hops : RHP Eric Teixeira
Batting: RHB Andy Carrell 0-0: Ball
1-0: Foul Ball, location: 2F
1-1: Ball
2-1: Foul Ball, location: 2F
2-2: Fly out, F8 (Line Drive, 8RD, EV 85.0 MPH)
Batting: LHB Miguel Ramos 0-0: Fly out, F9 (Flyball, 89M, EV 78.1 MPH)
Batting: RHB Ryan Marler 0-0: Called Strike
0-1: Foul Ball, location: 2F
0-2: Strikes out swinging
Bottom of the 3rd over - 0 runs, 0 hits, 0 errors, 0 left on base; Hillsboro 0 - Brooklyn 1
TOP OF THE 4TH
Hillsboro Hops batting - Pitching for Brooklyn Cyclones : RHP Shan-tang Chi
Batting: RHB Danny Loyola 0-0: Called Strike
0-1: Called Strike
0-2: SINGLE (Groundball, 56S, EV 70.0 MPH) (infield hit)
Batting: RHB Terry Jarrells 0-0: Ball
1-0: Ball
2-0: Foul Ball, location: 2F
2-1: Fielders Choice at 2nd, 4-6 (Groundball, 34, EV 105.0 MPH)
Batting: RHB Daniel Rivera 0-0: Foul Ball, location: 2F
0-1: Swinging Strike
0-2: Strikes out looking
Batting: RHB Sean Tanner 0-0: Ball
Terry Jarrells is caught stealing 2nd base 2-4
Top of the 4th over - 0 runs, 1 hit, 0 errors, 0 left on base; Hillsboro 0 - Brooklyn 1
BOTTOM OF THE 4TH
Brooklyn Cyclones batting - Pitching for Hillsboro Hops : RHP Eric Teixeira
Batting: RHB Matt Tittle 0-0: Ball
1-0: Ball
2-0: Called Strike
2-1: Ball
3-1: Base on Balls
Batting: SHB Callum Lynch 0-0: Fly out, F6 (Line Drive, 6, EV 63.1 MPH)
Batting: SHB Duri Chilemba 0-0: Foul Ball, location: 2F
0-1: Swinging Strike
0-2: Ball
1-2: Ball
2-2: Strikes out swinging
Batting: RHB Roberto Delgado 0-0: Foul Ball, location: 2F
0-1: Foul Ball, location: 2F
0-2: Ball
1-2: Foul Ball, location: 2F
1-2: Strikes out swinging
Bottom of the 4th over - 0 runs, 0 hits, 0 errors, 1 left on base; Hillsboro 0 - Brooklyn 1
TOP OF THE 5TH
Hillsboro Hops batting - Pitching for Brooklyn Cyclones : RHP Shan-tang Chi
Batting: RHB Sean Tanner 0-0: Called Strike
0-1: Ball
1-1: Foul Ball, location: 2F
1-2: DOUBLE (Flyball, 8LXD, EV 100.6 MPH)
Batting: RHB Roberto Monzon 0-0: Foul Ball, location: 2F
0-1: Ground out 1-3 (Groundball, 13S, EV 69.4 MPH)
Sean Tanner to third
Batting: RHB Chris McGrath 0-0: Ball
1-0: SINGLE (Groundball, 4M, EV 106.9 MPH)
Sean Tanner scores
Batting: RHB Ryuki Ogasawara 0-0: Ball
Chris McGrath steals 2nd base
1-0: Called Strike
1-1: Ball
2-1: Ball
Chris McGrath steals 3rd base
3-1: Called Strike
3-2: Foul Ball, location: 2F
3-2: Fly out, F9 (Line Drive, 9, EV 96.9 MPH)
Runner from 3rd tags up, OUT at HOME! 9-2
Top of the 5th over - 1 run, 2 hits, 0 errors, 0 left on base; Hillsboro 1 - Brooklyn 1
BOTTOM OF THE 5TH
Brooklyn Cyclones batting - Pitching for Hillsboro Hops : RHP Eric Teixeira
Batting: LHB Elmo Dreier 0-0: Ball
1-0: Foul Ball, location: 2F
1-1: Ball
2-1: SINGLE (Groundball, 6MD, EV 101.9 MPH)
Batting: RHB Pete Orban 0-0: Swinging Strike
0-1: Swinging Strike
0-2: Strikes out swinging
Batting: RHB Andy Carrell 0-0: Called Strike
0-1: Foul Ball, location: 2F
0-2: Ball
1-2: Strikes out swinging
Batting: LHB Miguel Ramos 0-0: Called Strike
Elmo Dreier steals 2nd, throwing error, E2
Elmo Dreier to third
0-1: Ball
1-1: Ground out 4-3 (Groundball, 4, EV 80.6 MPH)
Bottom of the 5th over - 0 runs, 1 hit, 1 error, 1 left on base; Hillsboro 1 - Brooklyn 1
TOP OF THE 6TH
Hillsboro Hops batting - Pitching for Brooklyn Cyclones : RHP Shan-tang Chi
Batting: RHB Nelson Ozuna 0-0: Foul Ball, location: 2F
0-1: Swinging Strike
0-2: Foul Ball, location: 2F
0-2: Ball
1-2: Ball
2-2: Fly out, F7 (Flyball, 78M, EV 93.1 MPH)
Batting: RHB Longfellow Wetzler 0-0: Called Strike
0-1: Ball
1-1: Ball
2-1: Ground out 6-3 (Groundball, 6MS, EV 87.5 MPH)
Batting: RHB Danny Loyola 0-0: Called Strike
0-1: Foul Ball, location: 2F
0-2: Ball
1-2: SINGLE (Flyball, 3D, EV 96.9 MPH)
Batting: RHB Terry Jarrells 0-0: Foul Ball, location: 2F
0-1: Called Strike
Danny Loyola steals 2nd base
0-2: Ball
1-2: Ball
2-2: Ground out 5-3 (Groundball, 56S, EV 86.2 MPH)
Top of the 6th over - 0 runs, 1 hit, 0 errors, 1 left on base; Hillsboro 1 - Brooklyn 1
BOTTOM OF THE 6TH
Brooklyn Cyclones batting - Pitching for Hillsboro Hops : RHP Eric Teixeira
Batting: RHB Ryan Marler 0-0: TRIPLE (Line Drive, 9LD, EV 103.8 MPH)
Batting: RHB Matt Tittle 0-0: Ball
1-0: Ball
2-0: Ball
3-0: Base on Balls
Batting: SHB Callum Lynch 0-0: Foul Ball, location: 2F
0-1: Ball
1-1: Swinging Strike
1-2: Strikes out looking
Pitching: RHP Joe Rivin
Batting: SHB Duri Chilemba 0-0: Squeeze Bunt to 13S - play home, runner scores, batter safe!
Ryan Marler scores
Matt Tittle to second
Batting: SHB Evan Armagost 0-0: Foul Ball, location: 2F
0-1: Swinging Strike
0-2: Strikes out swinging
Batting: LHB Elmo Dreier 0-0: Swinging Strike
0-1: Foul Ball, location: 2F
0-2: Ball
1-2: Ball
2-2: Strikes out swinging
Bottom of the 6th over - 1 run, 1 hit, 0 errors, 2 left on base; Hillsboro 1 - Brooklyn 2
TOP OF THE 7TH
Hillsboro Hops batting - Pitching for Brooklyn Cyclones : RHP Shan-tang Chi
Pinch Hitting: SHB Pete Perla 0-0: Called Strike
0-1: SINGLE (Groundball, 34D, EV 105.0 MPH)
Batting: RHB Sean Tanner 0-0: Ball
1-0: Swinging Strike
1-1: Called Strike
Pete Perla steals 2nd base
1-2: Strikes out looking
Pinch Hitting: SHB Morgan Batson 0-0: Called Strike
0-1: Foul Ball, location: 2F
0-2: Strikes out looking
Pinch Hitting: LHB Henry Hutson 0-0: Called Strike
0-1: Ball
1-1: Ground out 4-3 (Groundball, 4, EV 103.8 MPH)
Top of the 7th over - 0 runs, 1 hit, 0 errors, 1 left on base; Hillsboro 1 - Brooklyn 2
BOTTOM OF THE 7TH
Brooklyn Cyclones batting - Pitching for Hillsboro Hops : RHP Joe Rivin
Now at 2B: Pete Perla
Now at 3B: Morgan Batson
Now in LF: Jake Shelton
Batting: RHB Pete Orban 0-0: Called Strike
0-1: Ball
1-1: Ball
2-1: Ball
3-1: Ground out 6-3 (Groundball, 6, EV 81.2 MPH)
Batting: RHB Andy Carrell 0-0: Foul Ball, location: 2F
0-1: Ball
1-1: Ball
2-1: Called Strike
2-2: Ground out 6-3 (Groundball, 6M, EV 88.1 MPH)
Batting: LHB Miguel Ramos 0-0: Ball
1-0: Ball
2-0: Called Strike
2-1: Ball
3-1: SINGLE (Groundball, 4MD, EV 103.8 MPH)
Batting: RHB Ryan Marler 0-0: Called Strike
0-1: Ground out 3-1 (Groundball, 34, EV 103.8 MPH)
Bottom of the 7th over - 0 runs, 1 hit, 0 errors, 1 left on base; Hillsboro 1 - Brooklyn 2
TOP OF THE 8TH
Hillsboro Hops batting - Pitching for Brooklyn Cyclones : RHP Shan-tang Chi
Pitching: RHP Amare Golden
Now at 1B: Salvador Gomez
Now in LF: Luis Garcia
Now in RF: Callum Lynch
Pinch Hitting: LHB Dillon Rizzuto 0-0: Swinging Strike
0-1: Foul Ball, location: 2F
0-2: Ball
1-2: Strikes out swinging
Batting: RHB Nelson Ozuna 0-0: Foul Ball, location: 2F
0-1: Ball
1-1: Ground out 5-3 (Groundball, 5S, EV 83.8 MPH)
Batting: RHB Longfellow Wetzler 0-0: Ball
1-0: Foul Ball, location: 2F
1-1: Ball
2-1: Ball
3-1: Ground out 6-3 (Groundball, 56, EV 104.4 MPH)
Top of the 8th over - 0 runs, 0 hits, 0 errors, 0 left on base; Hillsboro 1 - Brooklyn 2
BOTTOM OF THE 8TH
Brooklyn Cyclones batting - Pitching for Hillsboro Hops : RHP Joe Rivin
Now at 1B: Dillon Rizzuto
Now at SS: Terry Jarrells
Batting: RHB Matt Tittle 0-0: Ball
1-0: Ball
2-0: Fly out, F8 (Flyball, 78M, EV 86.2 MPH)
Batting: SHB Callum Lynch 0-0: Called Strike
0-1: Ground out 6-3 (Groundball, 6, EV 83.1 MPH)
Batting: SHB Duri Chilemba 0-0: Foul Ball, location: 2F
0-1: Ball
1-1: Foul Ball, location: 2F
1-2: SINGLE (Groundball, 56D, EV 108.1 MPH)
Pitching: RHP Andrew Yoder
Batting: SHB Evan Armagost 0-0: Ball
1-0: Called Strike
1-1: Ground out U3 (Groundball, 34S, EV 91.2 MPH)
Bottom of the 8th over - 0 runs, 1 hit, 0 errors, 1 left on base; Hillsboro 1 - Brooklyn 2
TOP OF THE 9TH
Hillsboro Hops batting - Pitching for Brooklyn Cyclones : RHP Amare Golden
Pitching: LHP Keith Noftall
Batting: RHB Danny Loyola 0-0: Ball
1-0: Called Strike
1-1: Called Strike
1-2: Reached via error on a dropped throw from SS, E3 (Groundball, 6, EV 81.9 MPH)
Batting: RHB Terry Jarrells 0-0: Ball
1-0: Ball
2-0: Ball
3-0: Called Strike
3-1: Base on Balls
Danny Loyola to second
Batting: SHB Pete Perla 0-0: Ball
1-0: Fly out, F8 (Flyball, 89M, EV 79.4 MPH)
Batting: RHB Sean Tanner 0-0: Ball
1-0: Called Strike
1-1: Foul Ball, location: 2F
1-2: Strikes out swinging
Pinch Hitting: RHB Mike Swift 0-0: Swinging Strike
0-1: Ball
1-1: Ball
2-1: Foul Ball, location: 2F
2-2: Ball
3-2: Strikes out swinging
Top of the 9th over - 0 runs, 0 hits, 1 error, 2 left on base; Hillsboro 1 - Brooklyn 2
Thursday, December 15th , 2022 - OOTP Baseball 23.9 Build 102